 Dungeon Crawl Stone Soup version 0.21.1-1-g345015f (webtiles) character file.

13644 shakethe the Severer (level 12, 0/107 (108) HPs)
             Began as a Hill Orc Gladiator on Feb 26, 2018.
             Was a High Priest of Okawaru.
             Slain by an unseen horror (8 damage)
             ... on level 11 of the Dungeon.
             The game lasted 00:20:45 (11562 turns).

shakethe the Severer (Hill Orc Gladiator)          Turns: 11562, Time: 00:20:46

HP:   0/107 (108)   AC:  0    Str: 18    XL:     12   Next: 8%
MP:   14/14         EV: 14    Int: 12    God:    Okawaru [*****.]
Gold: 472           SH:  0    Dex: 12    Spells: 11/11 levels left

rFire    . . .     SeeInvis .   (weapon currently unavailable)
rCold    . . .     Gourm    .   (shield currently unavailable)
rNeg     . . .     Faith    .   (armour currently unavailable)
rPois    .         Spirit   .   (helmet currently unavailable)
rElec    .         Reflect  .   (cloak currently unavailable)
rCorr    .         Harm     .   (gloves currently unavailable)
MR       .....                  (boots currently unavailable)
Stlth    +.........             (no amulet)
HPRegen  0.27/turn              (ring currently unavailable)
MPRegen  0.14/turn              (ring currently unavailable)

@: pig-form, drained, very quick
A: small
a: Heroism, Finesse, Renounce Religion


You were on level 11 of the Dungeon.
You worshipped Okawaru.
Okawaru was extremely pleased with you.
You were not hungry.
You were a filthy swine.
You visited 2 branches of the dungeon, and saw 13 of its levels.

You collected 535 gold pieces.
You spent 63 gold pieces at shops.

Inventory:

Hand Weapons
 a - a +0 war axe (melded)
 q - a cursed +3 trident
   (You took it off a wight on level 10 of the Dungeon)
 E - a +4 morningstar of freezing
   (You took it off a wight on level 7 of the Dungeon)
Missiles
 d - 3 throwing nets {=f, !d}
 X - 5 curare-tipped needles
Armour
 c - a +0 helmet (melded)
 l - the +2 chain mail of the Vestibule of Hell (melded) {Regen+ rCorr Dex-3}
   (You found it on level 4 of the Dungeon)

   It affects your dexterity (-3).
   It increases your rate of regeneration.
   It protects you from acid and corrosion.
 n - the +3 ring mail of Poor Excuses {rC- MR- Int+4 Dex+8, unknown}
   (You found it on level 5 of the Dungeon)

   It affects your intelligence (+4).
   It affects your dexterity (+8).
   It makes you vulnerable to cold.
   It affects your resistance to hostile enchantments.
 t - a +0 shield (melded)
   (You bought it in a shop on level 5 of the Dungeon)
 z - a +0 pair of boots
   (You found it on level 5 of the Dungeon)
 K - a +1 pair of boots (melded)
   (You found it on level 8 of the Dungeon)
 T - a +2 hat of see invisible
   (Okawaru gifted it to you on level 11 of the Dungeon)
Jewellery
 N - a ring of poison resistance (melded) {rPois, !d}
   (You found it on level 8 of the Dungeon)
 O - an uncursed amulet of rage {+Rage, !d}
   (You found it on level 8 of the Dungeon)
 P - a +2 ring of evasion (melded)
   (You found it on level 9 of the Dungeon)
 Y - an uncursed ring of wizardry {unknown}
   (You found it on level 12 of the Dungeon)
Wands
 o - a wand of flame (93)
   (You took it off Robin on level 3 of the Dungeon)
 I - a wand of polymorph (36)
   (You found it on level 7 of the Dungeon)
 R - a wand of clouds (7)
   (You found it on level 9 of the Dungeon)
 W - a wand of acid (5)
   (You took it off a centaur on level 11 of the Dungeon)
Scrolls
 e - a scroll of fog {unknown}
 g - 5 scrolls of magic mapping {unknown}
 h - 8 scrolls of remove curse
 i - 5 scrolls of teleportation {unknown}
 j - a scroll of enchant armour {unknown}
 v - 3 scrolls of amnesia {unknown}
 B - a scroll of enchant weapon {unknown}
 D - 3 scrolls of fear {unknown}
 G - a scroll of immolation {unknown}
 Q - a scroll of identify
Potions
 b - 2 potions of haste
 k - a potion of magic
 m - 2 potions of mutation {unknown}
 p - 3 potions of lignification {!q}
 r - 3 potions of flight
 s - a potion of might {unknown}
 u - 3 potions of resistance
 w - 2 potions of berserk rage {unknown}
 x - 4 potions of curing
 A - a potion of ambrosia {unknown}
 C - 2 potions of cancellation {unknown}
 F - 3 potions of agility {unknown}
 J - a potion of heal wounds {unknown}
 U - 2 potions of invisibility
 Z - a potion of brilliance {unknown}
Books
 y - a book of Maledictions
   (You found it on level 5 of the Dungeon)
 H - a book of Callings
   (You found it on level 7 of the Dungeon)
 L - a book of Power
   (You found it on level 7 of the Dungeon)
 M - a book of Conjurations
   (You found it on level 8 of the Dungeon)
 V - a Fen Folio
   (You found it on level 10 of the Dungeon)
Miscellaneous
 S - a box of beasts
Comestibles
 f - 26 rations


   Skills:
 + Level 10.8(9.5) Fighting
 * Level 15.7(14.3) Axes
 - Level 1.7(0.7) Throwing
 + Level 9.2(7.9) Armour
 - Level 2.4(1.3) Dodging
 + Level 8.0(6.7) Shields
 + Level 3.5(2.4) Invocations


You had 11 spell levels left.
You didn't know any spells.

Dungeon Overview and Level Annotations

Branches:
Dungeon (12/15)            Temple (1/1) D:6            Lair (0/6) D:10
    Orc: D:9-12

Altars:
Ashenzari
Cheibriados
Dithmenos
Elyvilon
Fedhas
Gozag
Hepliaklqana
Kikubaaqudgha
Makhleb
Nemelex Xobeh
Okawaru
Qazlal
Ru
Sif Muna
Trog
Uskayaw
Vehumet
Wu Jian
Xom
Yredelemnul
Zin
The Shining One

Shops:
D:5 [   D:12 *

Annotations:
D:11 shakethe's ghost, journeyman HOGl
D:12 Kirke


Message History

You regained 14 hp, and now have 98/107 hp.
Unknown command.
You eat one of the 27 rations.
That ration really hit the spot!
Health restored: 107 Kirke shouts!
Kirke mumbles some strange words.
Kirke summons a sphinx!
You block Kirke's attack.
You hit Kirke. Kirke hits you but does no damage.
You slash Kirke! You hit the sphinx but do no damage. Kirke hits you!
You take 11 damage, and have 96/107 hp.
Your chain mail of the Vestibule of Hell prevents you from hitting Kirke.
You slash the sphinx!
The sphinx casts a spell.
You are confused.
You're too confused!
You're too confused!
Your shield and chain mail of the Vestibule of Hell prevent you from hitting the sphinx.
You hit Kirke. The sphinx hits you. The sphinx hits you but does no damage.
The sphinx closely misses you. Kirke casts a spell at you.
You struggle to resist.
You take 1 damage, and have 95/107 hp.
You bump into the translucent rock wall.
The sphinx hits you!
The sphinx hits you. x2; Kirke barely misses you.
You take 21 damage, and have 74/107 hp.
You bump into the rock wall.
The sphinx hits you but does no damage. x3
Kirke hits you but does no damage.
You bump into the rock wall.
The sphinx hits you but does no damage. The sphinx barely misses you.
The sphinx closely misses you. Kirke hits you but does no damage.
You barely miss the sphinx. You miss Kirke.
The sphinx hits you but does no damage. The sphinx hits you.
The sphinx misses you. Kirke hits you.
You take 4 damage, and have 72/107 hp.
Your chain mail of the Vestibule of Hell prevents you from hitting the sphinx.
You miss Kirke.
The sphinx hits you but does no damage. x2
The sphinx hits you. Kirke hits you but does no damage.
You feel less confused.
Kirke shouts, "You pig!
I'll make you look the way you deserve."
The sphinx barely misses you. The sphinx hits you but does no damage.
The sphinx hits you!
You take 7 damage, and have 67/107 hp.
Kirke holds her sides and says, "You'll eat dirt beneath my feet."
The sphinx casts a spell.
You suddenly lose the ability to move!
The sphinx casts a spell.
You struggle to resist.
Kirke hits you but does no damage. The sphinx barely misses you.
The sphinx hits you but does no damage. The sphinx hits you.
Kirke hits you but does no damage. The sphinx hits you.
The sphinx hits you but does no damage. The sphinx hits you.
Kirke throws some mysterious powder.
Kirke hits you. The sphinx hits you! The sphinx hits you.
The sphinx hits you but does no damage.
You can move again.
You take 24 damage, and have 43/107 hp.
MASSIVE DAMAGE!!
Kirke points at you and mumbles some strange words.
You struggle to resist.
The sphinx mumbles some strange words.
You struggle to resist.
Kirke points at you and mumbles some strange words.
You turn into a filthy swine.
Your +0 war axe melds into your body.
Your +0 helmet melds into your body.
Your +1 pair of boots melds into your body.
Your +0 shield melds into your body.
The +2 chain mail of the Vestibule of Hell {Regen+ rCorr Dex-3} melds into your body.
Your ring of poison resistance {rPois, !d} melds into your body.
Your +2 ring of evasion melds into your body.
Kirke casts a spell.
Kirke summons some harpies!
The sphinx mumbles some strange words.
Something smites you!
* * * LOW HITPOINT WARNING * * *
You take 14 damage, and have 31/107 hp.
Kirke throws some weird powder.
The harpy claws you.
* * * LOW HITPOINT WARNING * * *
The harpy closely misses you.
There is a stone staircase leading up here.
You take 3 damage, and have 28/107 hp.
The harpy screeches!
The harpy closely misses you. The harpy barely misses you.
Kirke howls an incantation.
Kirke shimmers violently.
The harpy claws you!
* * * LOW HITPOINT WARNING * * *
The harpy closely misses you.
You climb upwards.
Level annotation: shakethe's ghost, journeyman HOGl Something hits you!
* * * LOW HITPOINT WARNING * * *
Deactivating autopickup; reactivate with Ctrl-A.
Shakethe's ghost hits you.
* * * LOW HITPOINT WARNING * * *
You feel drained.
* * * LOW HITPOINT WARNING * * *
Something hits you!
You die...

#...###..##########...#########..
#...# ##.# #...# .. #...# #.#
#...# . #...# #.# #...# #...# #.#
#...# #...# #..#########...#####
..... ......................
........{W...........
##..{h............
#..#########..### #. ..# # .# .#


You could see shakethe's ghost.

Vanquished Creatures
  The ghost of Baghtru the Cleaver, a journeyman HOFi of the Shining One (D:11)
  2 two-headed ogres
  2 tengu warriors (D:10)
  Pikel (D:7)
  A cyclops (D:11)
  2 manticores
  A centaur zombie (D:9)
  A troll (D:12)
  A hippogriff (D:9)
  2 wyverns (D:11)
  A shadow (D:12)
  6 hogs (D:12)
  6 yaks (D:10)
  Eustachio (D:4)
  A hungry ghost (D:8)
  2 wargs (D:12)
  2 water moccasins
  Duvessa (D:7)
  4 orc warriors
  3 slaves (D:7)
  2 black bears
  4 necrophages
  A sky beast (D:5)
  4 ogres
  The ghost of Crelarid the Charmwright, an amateur GnSk of Elyvilon (D:3)
  8 centaurs
  3 big kobolds
  5 bullfrogs
  Dowan (D:7)
  3 scorpions
  7 wights
  2 electric eels (D:10)
  4 howler monkeys
  3 quasits (D:10)
  4 crimson imps
  5 orc priests
  A jelly (D:7)
  2 bullfrog skeletons (D:9)
  2 hounds
  14 orc wizards
  Terence (D:3)
  3 iguanas
  6 worker ants
  Natasha (twice) (D:4)
  3 hound skeletons
  Robin (D:3)
  A worker ant zombie (D:3)
  9 gnolls
  A howler monkey skeleton (D:9)
  21 adders
  An adder zombie (D:9)
  2 oozes
  2 adder skeletons
  3 worms
  A dart slug (D:1)
  6 leopard geckos
  42 orcs
  6 giant cockroaches
  17 goblins
  6 hobgoblins
  8 jackals
  5 quokkas
  2 ball pythons (D:1)
  7 bats
  6 frilled lizards
  A jackal skeleton (D:8)
  15 kobolds
  2 leopard gecko skeletons (D:4)
  A quokka skeleton (D:6)
  15 rats
313 creatures vanquished.

Notes
Turn   | Place    | Note
-------+----------+-------------------------------------------
     0 | D:1      | shakethe the Hill Orc Gladiator began the quest for the Orb.
     0 | D:1      | Reached XP level 1. HP: 18/18 MP: 1/1
   119 | D:1      | Reached XP level 2. HP: 22/25 MP: 2/2
   423 | D:1      | Reached skill level 3 in Fighting
   423 | D:1      | Reached skill level 5 in Axes
   434 | D:1      | Reached XP level 3. HP: 30/31 MP: 3/3
  1018 | D:2      | Reached XP level 4. HP: 34/38 MP: 4/4
  1120 | D:2      | Reached skill level 6 in Axes
  1645 | D:3      | Noticed Crelarid's ghost (amateur GnSk)
  1647 | D:3      | Reached XP level 5. HP: 46/46 MP: 5/5
  1675 | D:3      | Killed Crelarid's ghost
  1675 | D:3      | Reached skill level 4 in Fighting
  1675 | D:3      | Reached skill level 7 in Axes
  1675 | D:3      | Reached skill level 1 in Armour
  1857 | D:3      | Noticed Robin
  1870 | D:3      | Killed Robin
  1870 | D:3      | Reached XP level 6. HP: 37/53 MP: 6/6
  2274 | D:3      | Reached skill level 2 in Armour
  2398 | D:3      | Noticed Terence
  2412 | D:3      | Killed Terence
  2840 | D:4      | Noticed Eustachio
  2842 | D:4      | Got a spiked chain mail
  2864 | D:3      | Identified the +2 chain mail of the Vestibule of Hell {Regen+ rCorr Dex-3} (You found it on level 4 of the Dungeon)
  2916 | D:4      | Killed Eustachio
  2916 | D:4      | Reached skill level 5 in Fighting
  2916 | D:4      | Reached skill level 8 in Axes
  2916 | D:4      | Reached XP level 7. HP: 25/61 MP: 7/7
  3086 | D:4      | Found a shattered altar of Ashenzari.
  3144 | D:4      | Found a bloodstained altar of Trog.
  3196 | D:4      | Noticed Natasha
  3209 | D:4      | Killed Natasha
  3209 | D:4      | Reached skill level 3 in Armour
  3732 | D:4      | Noticed Natasha
  3740 | D:4      | Killed Natasha
  3749 | D:4      | Reached skill level 9 in Axes
  3809 | D:5      | Entered Level 5 of the Dungeon
  4032 | D:5      | Reached XP level 8. HP: 70/70 MP: 8/8
  4174 | D:5      | HP: 3/70 [ogre/giant club (17)]
  4175 | D:5      | Reached skill level 6 in Fighting
  4175 | D:5      | Reached skill level 4 in Armour
  4295 | D:5      | Got a pitted ring mail
  4468 | D:5      | Reached skill level 10 in Axes
  4549 | D:5      | Found Sifuz's Armour Boutique.
  4554 | D:5      | Bought a +0 shield for 63 gold pieces
  4746 | D:6      | Found a hide-covered altar of Uskayaw.
  4840 | D:5      | Reached skill level 1 in Shields
  5053 | D:6      | Reached skill level 2 in Shields
  5057 | D:6      | Reached skill level 7 in Fighting
  5057 | D:6      | Reached skill level 5 in Armour
  5140 | D:6      | Found a sacrificial altar of Ru.
  5230 | D:6      | Reached XP level 9. HP: 75/77 MP: 9/9
  5263 | D:6      | Reached skill level 11 in Axes
  5499 | D:6      | Found a staircase to the Ecumenical Temple.
  5509 | Temple   | Entered the Ecumenical Temple
  5656 | Temple   | Became a worshipper of Warmaster Okawaru
  5905 | D:7      | Reached skill level 3 in Shields
  5977 | D:7      | Noticed Duvessa
  5978 | D:7      | Noticed Dowan
  5995 | D:7      | Killed Duvessa
  6000 | D:7      | Killed Dowan
  6188 | D:7      | Found a shimmering altar of Xom.
  6188 | D:7      | Found a deep blue altar of Sif Muna.
  6400 | D:7      | Noticed Pikel
  6457 | D:7      | Killed Pikel
  6457 | D:7      | Reached * piety under Okawaru
  6457 | D:7      | Reached skill level 8 in Fighting
  6457 | D:7      | Reached skill level 12 in Axes
  6457 | D:7      | Reached skill level 6 in Armour
  6457 | D:7      | Reached skill level 4 in Shields
  7200 | D:9      | Reached XP level 10. HP: 82/87 MP: 10/10
  7487 | D:9      | Reached ** piety under Okawaru
  7554 | D:9      | Reached skill level 5 in Shields
  7824 | D:9      | Reached skill level 13 in Axes
  8009 | D:10     | Entered Level 10 of the Dungeon
  8029 | D:10     | Reached skill level 7 in Armour
  8086 | D:10     | Noticed a two-headed ogre
  8125 | D:10     | HP: 16/88 [two-headed ogre/giant club (25)]
  8465 | D:9      | Killed a two-headed ogre
  8465 | D:9      | Reached *** piety under Okawaru
  8465 | D:9      | Reached skill level 9 in Fighting
  8628 | D:10     | Reached skill level 6 in Shields
  8632 | D:10     | Reached **** piety under Okawaru
  8638 | D:10     | Reached skill level 14 in Axes
  8818 | D:10     | Noticed a tengu warrior
  8820 | D:10     | Noticed a tengu warrior
  8846 | D:10     | Killed a tengu warrior
  8846 | D:10     | Reached skill level 8 in Armour
  8846 | D:10     | Reached XP level 11. HP: 38/97 MP: 11/11
  8870 | D:10     | Killed a tengu warrior
  9098 | D:10     | Reached skill level 10 in Fighting
  9103 | D:10     | Found a staircase to the Lair.
  9126 | D:10     | Noticed a two-headed ogre
  9136 | D:10     | Killed a two-headed ogre
  9136 | D:10     | Reached ***** piety under Okawaru
  9136 | D:10     | Reached skill level 7 in Shields
  9262 | D:10     | HP: 23/97 [electric eel/bolt of electricity (5)]
  9970 | D:11     | Noticed Baghtru's ghost (journeyman HOFi)
 10022 | D:11     | Killed Baghtru's ghost
 10022 | D:11     | Reached skill level 15 in Axes
 10099 | D:11     | Noticed a cyclops
 10115 | D:11     | HP: 24/98 [cyclops (19)]
 10122 | D:11     | Killed a cyclops
 10313 | D:11     | Received a gift from Okawaru
 10318 | D:11     | Reached skill level 1 in Invocations
 10399 | D:11     | Noticed a manticore
 10424 | D:11     | Killed a manticore
 10618 | D:11     | Noticed shakethe's ghost (journeyman HOGl)
 10830 | D:12     | Reached skill level 2 in Invocations
 11109 | D:12     | Found Iwugyak's Changing Room.
 11194 | D:12     | Noticed a manticore
 11208 | D:12     | Killed a manticore
 11208 | D:12     | Reached skill level 9 in Armour
 11325 | D:12     | Reached skill level 3 in Invocations
 11342 | D:12     | Reached XP level 12. HP: 94/107 MP: 14/14
 11356 | D:12     | Noticed Kirke
 11373 | D:12     | Reached skill level 8 in Shields
 11528 | D:12     | Noticed a sphinx
 11544 | D:12     | Paralysed by a sphinx for 5 turns
 11561 | D:12     | HP: 22/107 [harpy[Kirke] (7)]
 11562 | D:11     | HP: 9/107 [shakethe's ghost (3)]
 11562 | D:11     | Slain by an unseen horror

Skill      XL: |  1  2  3  4  5  6  7  8  9 10 11 12 |
---------------+-------------------------------------+-----
Fighting       | 3 4 5 7 8 9 10 | 10.8
Axes           | 5 6 7 8 9 10 12 14 15 | 15.7
Armour         | 1 2 3 5 6 8 9 |  9.2
Shields        | 2 4 6 7 8 |  8.0
Invocations    | 3 |  3.5
Throwing       | |  1.7
Dodging        | |  2.4

Action                   |  1- 3 |  4- 6 |  7- 9 | 10-12 || total
-------------------------+-------+-------+-------+-------++-------
Melee: War axe           |    99 |   209 |   475 |   776 ||  1559
       Unarmed           |       |       |       |     3 ||     3
Invok: Heroism           |       |       |       |    11 ||    11
Evoke: Wand              |       |       |       |     4 ||     4
  Use: Scroll            |       |       |     5 |     4 ||     9
       Potion            |       |       |     1 |     2 ||     3
 Stab: Sleeping          |     2 |       |       |       ||     2
  Eat: Chunk             |       |     7 |    14 |    12 ||    33
       Ration            |       |       |     2 |     2 ||     4
Armor: Leather armour    |    26 |    17 |       |       ||    43
       Ring mail         |       |    47 |       |       ||    47
       Chain mail        |       |   103 |   222 |   345 ||   670
       Scale mail        |       |     9 |       |       ||     9
Dodge: Dodged            |    52 |   178 |   102 |   194 ||   526
Block: Shield            |       |       |   109 |   307 ||   416

Vault maps used:
D:1:      dpeg_arrival_oval
D:2:      serial_glass, glass_columns_c, glass_columns_b
D:3:      uniq_robin, uniq_terence
D:4:      black_bear_nest_2, evilmike_ruin_ashenzari, trog_three_pillars_becter,
          uniq_natasha, uniq_eustachio
D:5:      first_ration, serial_shops, shop
D:6:      minmay_temple_entry_poolview, basic_altar, minmay_misc_feat_hallway,
          nicolae_ru_sacrificial_ziggurat
D:7:      grunt_temple_overflow_open, uniq_pikel, uniq_duvessa
D:9:      blue_anna_alchemist, minmay_checkerbox
D:10:     statuecave_lemuel, lair_entry_dummy
D:11:     lab_entry_generic, hive_lemuel
D:12:     minmay_orc_entry_guard_dogs, st_stairs_12,
          nicolae_transmutations_shop, uniq_kirke
Temple:   regret_index_temple_mists

Table legend:
 A = Turns spent in this place as a percentage of turns spent in the entire game.
 B = Non-inter-level travel turns spent in this place as a percentage of non-inter-level travel turns spent in the entire game.
 C = Inter-level travel turns spent in this place as a percentage of turns spent in this place.
 D = Turns resting spent in this place as a percentage of non-inter-level travel turns spent in this place.
 E = Turns spent auto-exploring this place as a percentage of non-inter-level travel turns spent in this place.
 F = Non-inter-level travel turns spent in this place divided by the number of levels of this place that you've seen.
                   A       B       C       D       E      F
               +-------+-------+-------+-------+-------+----------------------
         Total | 100.0 | 100.0 |   2.5 |  18.5 |  53.8 | 866.8
       Dungeon |  98.6 |  99.0 |   2.2 |  18.7 |  53.4 | 929.3
        Temple |   1.4 |   1.0 |  28.7 |   0.0 |  97.4 | 117.0
               +-------+-------+-------+-------+-------+----------------------

Table legend:
 A = Kills in this place as a percentage of kills in entire the game.
 B = Kills by you in this place as a percentage of kills by you in the entire game.
 C = Kills by friends in this place as a percentage of kills by friends in the entire game.
 D = Other kills in this place as a percentage of other kills in the entire game.
 E = Experience gained in this place as a percentage of experience gained in the entire game.
 F = Experience gained in this place divided by the number of levels of this place that you have seen.
                   A       B       C       D       E      F
               +-------+-------+-------+-------+-------+----------------------
         Total | 100.0 | 100.0 |   N/A |   N/A | 100.0 | 1499.4
       Dungeon | 100.0 | 100.0 |   N/A |   N/A | 100.0 | 1624.3
               +-------+-------+-------+-------+-------+----------------------
